 Dungeon Crawl Stone Soup version 0.30-a0-972-gf3ab3527aa (webtiles) character file.

Game seed: 3556779183851158197

256 retardedninja the Covered (level 5, -5/49 HPs)
             Began as an Armataur Fighter on Mar 31, 2023.
             Slain by an orc
             ... wielding a +0 hand axe
              (6 damage)
             ... on level 4 of the Dungeon.
             The game lasted 00:03:42 (3463 turns).

retardedninja the Covered (Armataur Fighter)        Turns: 3463, Time: 00:03:42

Health: -5/49      AC:  9    Str: 19 (22) XL:     5   Next: 92%
Magic:  5/5        EV:  7    Int:  5 (8)  God:
Gold:   113        SH:  4    Dex:  9 (11) Spells: 4/4 levels left

rFire   . . .      SeeInvis .    a - +0 long sword
rCold   . . .      Faith    .    c - +0 buckler
rNeg    + . .      Spirit   .    b - +0 scale mail
rPois   .          Reflect  .    u - +0 helmet
rElec   .          Roll     +    e - +0 cloak
rCorr   .                        (no gloves)
Will    .....                    (no barding) Stlth
                                 (no amulet)
HPRegen 0.28/turn                t - ring of positive energy
MPRegen 0.09/turn                (no ring)

@: no status effects
A: large, rugged brown scales 3, deformed body, armoured tail, roll, long
tongue, awkward tongue
a: no special abilities


You were on level 4 of the Dungeon.
You visited 1 branch of the dungeon, and saw 4 of its levels.

You collected 113 gold pieces.

Inventory:

Hand Weapons
 a - a +0 long sword (weapon)
Missiles
 m - 2 throwing nets (quivered)
Armour
 b - a +0 scale mail (worn)
 c - a +0 buckler (worn)
 e - a +0 cloak (worn)
 u - a +0 helmet (worn)
Jewellery
 t - a ring of positive energy (left hand)
Wands
 v - a wand of flame (13)
Scrolls
 g - a scroll of fear
 i - 3 scrolls of blinking
 n - a scroll of enchant weapon {unknown}
 o - a scroll of teleportation {unknown}
 p - a scroll of magic mapping {unknown}
 q - a scroll of noise
 r - a scroll of immolation
 s - a scroll of amnesia {unknown}
Potions
 d - 2 potions of invisibility {unknown}
 f - 3 potions of flight
 h - a potion of resistance {unknown}
 j - 2 potions of degeneration


   Skills:
 + Level 3.6 Fighting
 * Level 3.6 Long Blades
 + Level 4.9 Armour
 + Level 4.4 Shields


You had 4 spell levels left.
You didn't know any spells.
Your spell library contained the following spells:

 Spells                   Type           Power      Damage    Failure   Level
 Apportation              Tloc           0%         N/A       88%         1
 Blink                    Tloc           0%         N/A       95%         2
 Lesser Beckoning         Tloc           0%         N/A       95%         2
 Momentum Strike          Conj/Tloc      0%         3d8       95%         2
 Alistair's Intoxication  Tmut/Pois      0%         N/A       100%        5
 Conjure Ball Lightning   Conj/Air       0%         3x3d6     100%        6
 Discord                  Hex            0%         N/A       100%        8
 Disjunction              Tloc           0%         N/A       100%        8


Dungeon Overview and Level Annotations

Branches:
Dungeon (4/15)
 Temple: D:4-7

Altars:
Ashenzari

Shops:
D:4 [


Innate Abilities, Weirdness & Mutations

You are completely covered in rugged brown scales. (AC +3, +7% HP)
Armour fits poorly on your strangely shaped body.
You have a long armoured tail.
You roll when moving toward enemies. (Rampage)
Your long tongue fully drains potion bottles. (2x potion effects)
Your tongue gives you trouble enunciating. (1.5x scroll delay)


Message History

There is an open door, spattered with blood here.
Items here: )) [ ††.
The orc attacks as you move away! The orc hits you with a +0 hand axe.
* * * LOW HITPOINT WARNING * * *
The orc attacks as you move away! The orc hits you but does no damage.
You see here a +0 flail.
You hit the orc but do no damage. The orc hits you with a +0 hand axe.
* * * LOW HITPOINT WARNING * * *
The orc hits you but does no damage.
You hit the orc but do no damage. The orc hits you but does no damage.
You hit the orc.
The orc is heavily wounded.
The orc barely misses you.
You hit the orc.
The orc is severely wounded.
The orc hits you with a +0 hand axe.
* * * LOW HITPOINT WARNING * * *
The orc hits you but does no damage.
You hit the orc but do no damage.
The orc is severely wounded.
The orc hits you but does no damage.
You hit the orc.
Your tail-slap misses the orc.
The orc is almost dead.
The orc barely misses you.
You barely miss the orc.
The orc is almost dead.
The orc hits you but does no damage.
You closely miss the orc.
The orc is almost dead.
The orc hits you with a +0 hand axe.
* * * LOW HITPOINT WARNING * * *
The orc hits you with a +0 hand axe.
* * * LOW HITPOINT WARNING * * *
You hit the orc.
The orc is almost dead.
The orc hits you but does no damage.
You closely miss the orc.
The orc is almost dead.
The orc hits you with a +0 hand axe.
You die...

#...)...........#....#
#.......#.∩.#...#....#
#....................
#.........###.#..###
#####.#..........#
###)#.#####.##......
##...).#..[..<# #+###
#...o..#.#.#..#
#...@..# #....#
#....#.#............
#....#.######.......
#....#.. ..#.....
#.....#### ###.....
#...... .#.#. #......
#.# ####... #


You could see an orc.

Vanquished Creatures
  An orc priest (D:4)
  Terence (D:2)
  Natasha (thrice) (D:3)
  4 adders
  A shadow imp (D:3)
  3 ufetubi (D:3)
  A worm (D:3)
  4 dart slugs
  8 orcs
  3 ball pythons
  4 bats
  4 endoplasms
  A giant cockroach (D:3)
  5 goblins
  2 hobgoblins
  6 jackals
  2 quokkas (D:3)
  2 frilled lizards
  A rat (D:2)
56 creatures vanquished.

Vanquished Creatures (others)
  2 plants (D:2)
2 creatures vanquished.

Grand Total: 58 creatures vanquished

Notes
Turn   | Place    | Note
-------+----------+-------------------------------------------
     0 | D:1      | retardedninja the Armataur Fighter began the quest for the
                  | Orb.
     0 | D:1      | Reached XP level 1. HP: 19/19 MP: 1/1
   701 | D:1      | Reached XP level 2. HP: 26/26 MP: 2/2
   713 | D:1      | Found a faded altar of an unknown god.
   801 | D:2      | Found a broken altar of Ashenzari.
  1231 | D:2      | Reached XP level 3. HP: 33/33 MP: 3/3
  1418 | D:2      | Noticed Terence
  1437 | D:2      | Killed Terence
  1757 | D:3      | Reached XP level 4. HP: 33/40 MP: 4/4
  2440 | D:3      | Noticed Natasha
  2448 | D:3      | Killed Natasha
  2633 | D:3      | Noticed Natasha
  2640 | D:3      | Killed Natasha
  2641 | D:3      | Reached XP level 5. HP: 32/48 MP: 5/5
  2915 | D:3      | Noticed Natasha
  2921 | D:3      | Killed Natasha
  3404 | D:4      | Found Lumaupaa's Armour Shoppe.
  3461 | D:4      | HP: 1/49 [orc/+0 hand axe (6)]
  3463 | D:4      | Slain by an orc

Illustrated notes

Levels and vault maps discovered:
D:1:      dpeg_arrival_stonehenge_8_columns, layout_loops_cross,
          hellmonk_ecumenical_altar_arch_garden
D:2:      layout_basic, basic_altar, minmay_misc_feat_plants,
          chequers_big_river, uniq_terence
D:3:      layout_basic, uniq_natasha
D:4:      layout_basic, cheibrodos_worm_habitat, serial_shops, shop,
          nicolae_shop_hallway_stairs, shop, nicolae_shop_stone, serial_demonic,
          serial_demonic_b, serial_demonic_d, serial_demonic_c,
          serial_demonic_a, minmay_misc_feat_roman

Skill      XL: |  1  2  3  4 |
---------------+-------------+-----
Long Blades    | 2 3 |  3.6
Fighting       | 3 |  3.6
Armour         | 4 |  4.9
Shields        | 4 |  4.4

Action                     |  1- 3 |  4- 6 || total
---------------------------+-------+-------++-------
  Melee: Long sword        |    94 |   161 ||   255
         Tailslap          |    10 |    15 ||    25
  Evoke: Wand              |       |     1 ||     1
    Use: Potion            |     2 |     2 ||     4
         Scroll            |       |     6 ||     6
 Armour: Scale mail        |    71 |   129 ||   200
  Dodge: Dodged            |    37 |   100 ||   137
  Block: Buckler           |    16 |    55 ||    71

Table legend: (Time is in decaauts)
 A = Elapsed time spent in this place.
 B = Non-inter-level travel time spent in this place.
 C = Inter-level travel time spent in this place.
 D = Time resting spent in this place.
 E = Time spent auto-exploring this place.
 F = Levels seen in this place.
 G = Mean time per level.
                   A        B        C        D        E       F      G
               +--------+--------+--------+--------+--------+-----+--------+
         Total |   3548 |   3451 |     97 |   1046 |   1812 |   4 |  887.0 |
       Dungeon |   3548 |   3451 |     97 |   1046 |   1812 |   4 |  887.0 |
               +--------+--------+--------+--------+--------+-----+--------+

Top non-repeatable levels by time:
     D:3: 1367 daAuts
     D:2: 1288 daAuts
     D:1: 807 daAuts
     D:4: 86 daAuts
